 Dungeon Crawl Stone Soup version 0.29.1-2-gbd0b4ee654 (webtiles) character file.

Game seed: 4627014404333585423

867 mydica the Fighter (level 7, -4/68 HPs)
             Began as a Minotaur Abyssal Knight on Nov 27, 2022.
             Was an Elder of Lugonu.
             Slain by Duvessa
             ... wielding a +0 rapier
              (12 damage)
             ... on level 5 of the Dungeon.
             The game lasted 00:27:46 (5256 turns).

mydica the Fighter (Minotaur Abyssal Knight)        Turns: 5256, Time: 00:27:47

Health: -4/68      AC:  7    Str: 25    XL:     7   Next: 73%
Magic:  9/9        EV: 11    Int:  7    God:    Lugonu [****..]
Gold:   71         SH:  5    Dex: 11    Spells: 6/6 levels left

rFire   . . .      SeeInvis .   A - +1 war axe (elec)
rCold   . . .      Faith    .   (no shield)
rNeg    . . .      Spirit   .   d - +0 ring mail
rPois   .          Reflect  +   (helmet restricted)
rElec   .          Harm     .   f - +0 cloak
rCorr   .          Rampage  .   (no gloves)
Will    .....                   (no boots)
Stlth   +.........              s - amulet of reflection
HPRegen 0.21/turn               e - +6 ring of strength
MPRegen 0.11/turn               k - ring of flight

@: flying
A: horns 2, retaliatory headbutt
a: Renounce Religion, Depart the Abyss, Bend Space, Banish, Corrupt


You were on level 5 of the Dungeon.
You worshipped Lugonu.
Lugonu was greatly pleased with you.
You visited 1 branch of the dungeon, and saw 5 of its levels.
You visited the Abyss 1 time.

You collected 279 gold pieces.
You spent 208 gold pieces at shops.

Inventory:

Hand Weapons
 a - a +1 hand axe
 o - a +2 short sword of protection
 u - a +0 battleaxe
 A - a +1 war axe of electrocution (weapon)
Armour
 b - a +0 leather armour
 d - a +0 ring mail (worn)
 f - a +0 cloak (worn)
Jewellery
 e - a +6 ring of strength (left hand)
 k - a ring of flight (right hand)
 q - an amulet of magic regeneration
 s - an amulet of reflection (around neck)
Wands
 y - a wand of quicksilver (3)
Scrolls
 g - 5 scrolls of identify {unknown}
 j - 2 scrolls of enchant armour {unknown}
 l - a scroll of butterflies {unknown}
 p - a scroll of torment {unknown}
 r - a scroll of immolation {unknown}
 w - a scroll of magic mapping {unknown}
Potions
 c - a potion of brilliance {unknown}
 h - 2 potions of attraction {unknown}
 i - 3 potions of haste
 n - a potion of flight {unknown}
 t - a potion of lignification {unknown}
 v - a potion of curing {unknown}
 x - a potion of mutation {unknown}
 z - a potion of degeneration {unknown}


   Skills:
 - Level 8.0 Fighting
 - Level 1.0 Short Blades
 - Level 4.0 Axes
 - Level 5.0 Armour
 - Level 1.1 Dodging
 * Level 4.7 Invocations


You had 6 spell levels left.
You didn't know any spells.
Your spell library contained the following spells:

 Spells                   Type           Power      Damage    Failure   Level
 Gell's Gravitas          Tloc           0%         N/A       90%         3
 Portal Projectile        Hex/Tloc       0%         N/A       90%         3
 Teleport Other           Tloc           0%         N/A       90%         3
 Tukima's Dance           Hex            0%         N/A       90%         3
 Animate Dead             Necr           0%         N/A       100%        4
 Blade Hands              Tmut           0%         N/A       100%        5
 Borgnjor's Vile Clutch   Necr/Erth      0%         N/A       100%        5
 Death Channel            Necr           0%         N/A       100%        6
 Dispersal                Tloc           0%         N/A       100%        6


Dungeon Overview and Level Annotations

Branches:
Dungeon (5/15)
 Temple: D:4-7

Altars:
Cheibriados
Fedhas
Makhleb
Nemelex Xobeh
Okawaru

Shops:
D:2 [   D:3 (

Annotations:
D:4 1 exclusion, Menkaure
D:5 Duvessa


Innate Abilities, Weirdness & Mutations

You have a pair of horns on your head.
You reflexively headbutt those who attack you in melee.


Message History

* * * LOW HITPOINT WARNING * * *
The black bear claws you.
* * * LOW HITPOINT WARNING * * *
Duvessa hits you with a +0 rapier.
* * * LOW HITPOINT WARNING * * *
The black bear barely misses you. The black bear claws you.
* * * LOW HITPOINT WARNING * * *
The black bear barely misses you. Duvessa hits you but does no damage.
You feel much better. The black bear bites you. The black bear claws you.
* * * LOW HITPOINT WARNING * * *
The black bear claws you.
* * * LOW HITPOINT WARNING * * *
Duvessa misses you.
You hit the black bear.
The black bear is almost dead.
You hit Duvessa. Duvessa hits you with a +0 rapier.
* * * LOW HITPOINT WARNING * * *
The black bear bites you but does no damage.
The black bear closely misses you. You block the black bear's attack.
Duvessa hits you with a +0 rapier!
* * * LOW HITPOINT WARNING * * *
The black bear closely misses you. x2; You block the black bear's attack.
You feel much better. You block Duvessa's attack.
The black bear barely misses you. You furiously retaliate!
You headbutt the black bear!
You kill the black bear!
Lugonu accepts your kill. Duvessa misses you. You furiously retaliate!
You headbutt Duvessa, but do no damage. You block Duvessa's attack.
You see here a black bear corpse.
You barely miss Duvessa. Your headbutt misses Duvessa.
Duvessa is moderately wounded.
Duvessa misses you. Duvessa barely misses you.
You slash Duvessa! Lightning courses through Duvessa!!
Duvessa is almost dead.
Duvessa hits you with a +0 rapier!
* * * LOW HITPOINT WARNING * * *
Duvessa hits you with a +0 rapier!
You die...

........##..#.#
........##....#
........##.#..#######
....######.##...#...#
....# #.##.......#
....# #.###......#
....# #.# #......#
....# #.####.....####
##### #....'.@e......
######.....####
#.....# #####...
..... .... .... ...


You could see Duvessa (berserk).

Vanquished Creatures
  Edmund (D:5)
  A black bear (D:5)
  A phantom (D:5)
  Blork the orc (D:5)
  A necrophage (D:5)
  Dowan (D:5)
  A howler monkey (D:4)
  2 hounds
  A jelly (D:5)
  2 iguanas (D:4)
  Robin (D:3)
  8 adders
  4 gnolls (D:3)
  2 dart slugs (D:1)
  6 orcs (D:3)
  8 bats
  5 endoplasms
  14 giant cockroaches
  12 goblins
  9 hobgoblins
  5 jackals
  4 quokkas
  4 ball pythons
  3 frilled lizards
  10 kobolds
  7 rats
114 creatures vanquished.

Notes
Turn   | Place    | Note
-------+----------+-------------------------------------------
     0 | Abyss:1  | mydica the Minotaur Abyssal Knight began the quest for the
                  | Orb.
     0 | Abyss:1  | Reached XP level 1. HP: 19/19 MP: 1/1
     0 | D:1      | Escaped the Abyss
   260 | D:1      | Reached skill level 4 in Fighting
   339 | D:1      | Reached XP level 2. HP: 27/27 MP: 2/2
   344 | D:1      | Reached ** piety under Lugonu
   782 | D:1      | Reached XP level 3. HP: 34/34 MP: 3/3
  1301 | D:2      | Found a faded altar of an unknown god.
  1477 | D:2      | Reached XP level 4. HP: 41/41 MP: 4/4
  1487 | D:2      | Reached *** piety under Lugonu
  1588 | D:2      | Reached skill level 5 in Fighting
  1729 | D:2      | Found Biul's Antique Armour Shop.
  1967 | D:3      | Noticed Robin
  1975 | D:3      | Killed Robin
  2202 | D:3      | Reached XP level 5. HP: 46/50 MP: 5/5
  2203 | D:3      | Reached skill level 6 in Fighting
  2203 | D:3      | Reached skill level 1 in Short Blades
  2334 | D:3      | Found Ugruas's Antique Weapon Emporium.
  2859 | D:3      | Found a sparkling altar of Nemelex Xobeh.
  3148 | D:4      | Reached XP level 6. HP: 58/58 MP: 6/6
  3205 | D:4      | Reached **** piety under Lugonu
  3294 | D:4      | Noticed Menkaure
  3340 | D:4      | HP: 2/58 [Menkaure/nerve-wracking pain (5)]
  3672 | D:3      | Bought a battleaxe for 208 gold pieces
  3816 | D:4      | Found a blossoming altar of Fedhas.
  4175 | D:4      | Found a burning altar of Makhleb.
  4175 | D:4      | Found a snail-covered altar of Cheibriados.
  4288 | D:5      | Entered Level 5 of the Dungeon
  4305 | D:5      | Reached skill level 7 in Fighting
  4473 | D:5      | Found an iron altar of Okawaru.
  4483 | D:5      | Reached skill level 5 in Armour
  4730 | D:5      | Noticed Dowan
  4730 | D:5      | Noticed Duvessa
  4766 | D:5      | Killed Dowan
  4767 | D:5      | Reached XP level 7. HP: 28/67 MP: 7/7
  5036 | D:5      | Noticed Edmund
  5045 | D:5      | Reached skill level 8 in Fighting
  5049 | D:5      | Killed Edmund
  5115 | D:5      | Noticed Blork the orc
  5130 | D:5      | Killed Blork the orc
  5252 | D:5      | HP: 2/68 [Duvessa/+0 rapier (14)]
  5256 | D:5      | Slain by Duvessa

Illustrated notes

Levels and vault maps discovered:
D:1:      wander_arrival_lonely_grave, layout_rooms
D:2:      minmay_roachtagon, layout_loops_cross,
          dreamdust_ecumenical_altar_hidden_monk_grotto, serial_shops, shop,
          minmay_cut_off
D:3:      layout_basic, nemelex_diamond_rough_becter, serial_shops, shop,
          uniq_robin
D:4:      layout_rooms, gammafunk_temple_overflow_claw, uniq_menkaure
D:5:      layout_basic, kennysheep_mini_moat, bh_walls_and_bars, uniq_edmund,
          uniq_blork_the_orc, uniq_duvessa

Skill      XL: |  1  2  3  4  5  6  7 |
---------------+----------------------+-----
Fighting       | 4 5 6 7 8 |  8.0
Axes           | 4 |  4.0
Armour         | 3 5 |  5.0
Invocations    | 2 4 |  4.7
Short Blades   | 1 |  1.0
Dodging        | |  1.1

Action                   |  1- 3 |  4- 6 |  7- 9 || total
-------------------------+-------+-------+-------++-------
Melee: Hand axe          |    77 |   112 |       ||   189
       Headbutt          |     7 |    19 |     6 ||    32
       Punch             |     1 |     4 |     1 ||     6
       Battleaxe         |       |    23 |    18 ||    41
       War axe           |       |       |    10 ||    10
Invok: Depart the Abyss  |     1 |       |       ||     1
  Use: Potion            |       |     1 |     3 ||     4
Armor: Leather armour    |     1 |       |       ||     1
       Ring mail         |    27 |    53 |    14 ||    94
Dodge: Dodged            |    41 |    70 |    28 ||   139
Block: Other             |       |     7 |    13 ||    20
